 Dungeon Crawl Stone Soup version 0.30-a0-924-g0ad0bf95bc (webtiles) character file.

Game seed: 1499254181715153585

2035 vineage the Fighter (level 9, -1/59 HPs)
             Began as a Gargoyle Fighter on Mar 22, 2023.
             Was an Initiate of Okawaru.
             Slain by a gnoll
             ... wielding a +0 halberd
             ... led by a gnoll bouda
              (9 damage)
             ... on level 6 of the Dungeon.
             The game lasted 00:05:49 (4761 turns).

vineage the Fighter (Gargoyle Fighter)              Turns: 4761, Time: 00:05:49

Health: -1/59      AC: 13    Str: 24    XL:     9   Next: 24%
Magic:  9/9        EV:  9    Int:  9    God:    Okawaru [......]
Gold:   250        SH:  6    Dex: 15    Spells: 8/8 levels left

rFire   . . .      SeeInvis .    a - +1 flail
rCold   . . .      Faith    .    c - +0 buckler
rNeg    + . .      Spirit   .    b - +0 scale mail
rPois   ∞          Reflect  .    (no helmet)
rElec   +          Rampage  .    w - +1 cloak
rCorr   .                        A - +0 pair of gloves
Will    .....                    (no boots) Stlth
                                 (no amulet)
HPRegen 0.29/turn                q - +6 ring of dexterity
MPRegen 0.11/turn                (no ring)

@: corroded
A: sickness immunity, AC +6, negative energy resistance 1, electricity
resistance, torment resistance 1, petrification resistance
a: Renounce Religion


You were on level 6 of the Dungeon.
You worshipped Okawaru.
Okawaru was noncommittal.
You visited 2 branches of the dungeon, and saw 7 of its levels.

You collected 250 gold pieces.

Inventory:

Hand Weapons
 a - a +1 flail (weapon)
Armour
 b - a +0 scale mail (worn)
 c - a +0 buckler (worn)
 w - a +1 cloak (worn)
 A - a +0 pair of gloves (worn)
Jewellery
 h - a ring of wizardry
 q - a +6 ring of dexterity (left hand)
 y - a ring of fire
Wands
 t - a wand of light (14)
 u - a wand of flame (23)
Scrolls
 d - 2 scrolls of identify
 e - a scroll of amnesia
 i - 3 scrolls of enchant weapon
 n - a scroll of teleportation
 r - 3 scrolls of magic mapping
 s - 4 scrolls of enchant armour
Potions
 f - 3 potions of ambrosia
 g - a potion of mutation {unknown}
 j - 2 potions of curing
 k - 2 potions of attraction {unknown}
 l - a potion of magic {unknown}
 p - a potion of heal wounds
 v - 3 potions of brilliance


   Skills:
 * Level 8.1 Fighting
 * Level 7.1 Maces & Flails
 + Level 6.2 Armour
 + Level 6.2 Shields


You had 8 spell levels left.
You didn't know any spells.
Your spell library contained the following spells:

 Spells                   Type           Power      Damage    Failure   Level
 Passwall                 Tmut/Erth      0%         N/A       87%         2
 Confusing Touch          Hex            0%         N/A       98%         3
 Ozocubu's Armour         Ice            0%         N/A       98%         3
 Enfeeble                 Hex            0%         N/A       100%        7
 Ozocubu's Refrigeration  Ice            0%         4d7       100%        7


Dungeon Overview and Level Annotations

Branches:
Dungeon (6/15)             Temple (1/1) D:5

Altars:
Cheibriados
Elyvilon
Fedhas
Hepliaklqana
Kikubaaqudgha
Makhleb
Nemelex Xobeh
Okawaru
Qazlal
Ru
Sif Muna
Trog
Uskayaw
Vehumet
Wu Jian
Xom
Yredelemnul
Zin
The Shining One


Innate Abilities, Weirdness & Mutations

You are immune to sickness and miasma.
Your stone body is resilient. (AC +6)
You are immune to poison.
You resist negative energy. (rN+)
You are resistant to electric shocks. (rElec)
You are resistant to unholy torment.
You are immune to petrification.


Message History

The gnoll picks up the pace!
The gnoll barely misses you.
You hit the gnoll bouda.
You kill the gnoll bouda!
Okawaru accepts your kill.
The gnoll hits you from afar with a +0 halberd.
The gnoll hits you with a +0 flail. The gnoll hits you but does no damage.
You are too injured to fight recklessly!
You thump the gnoll!
The gnoll is severely wounded.
You block the gnoll's attack. The gnoll hits you but does no damage.
You sock the jelly! The acid corrodes you!
Your hands burn!
* * * LOW HITPOINT WARNING * * *
The jelly is severely wounded.
The gnoll is no longer moving quickly.
The jelly hits you but does no damage. The gnoll hits you with a +0 flail.
* * * LOW HITPOINT WARNING * * *
The gnoll barely misses you.
You sock the jelly!
You kill the jelly!
Okawaru accepts your kill. The gnoll barely misses you.
You sock the gnoll!
You kill the gnoll!
Okawaru accepts your kill. You block the gnoll's attack.
The gnoll hits you but does no damage. x2
There is a stone staircase leading down, spattered with blood here.
Items here: ))) ††.
You hit the gnoll but do no damage. The gnoll barely misses you.
The gnoll closely misses you.
You sock the gnoll!
The gnoll is severely wounded.
The gnoll is no longer moving quickly.
The gnoll hits you but does no damage. The gnoll hits you with a +0 halberd!
* * * LOW HITPOINT WARNING * * *
You hit the gnoll.
The gnoll is severely wounded.
The gnoll hits you but does no damage. The gnoll hits you with a +0 halberd!
You die...

#...................
#...............(...
#................#
####..[.............# .
..........#..##>...####..
..........##...........
....<.........o#.#...
.............5gg.#.#
...~~~~~~~.....#@).#
~~~~≈≈≈≈≈~~~~..##..#
~≈≈≈≈≈≈≈≈≈≈≈~~~###.#
≈≈≈≈~o~o~≈≈≈≈≈~~~ ...
≈~~~~..#~~o~≈≈≈≈~#.....
~~.....####~~~≈≈~##.#....
........ ###~~~~ .###..
.. . .#


You could see 2 gnolls, a white imp and an orc.

Vanquished Creatures
  Pikel (D:5)
  Grinder (D:3)
  Sigmund (D:2)
  2 black bears
  A scorpion (D:5)
  3 wights (D:4)
  A gnoll bouda (D:6)
  A jelly (D:6)
  Crazy Yiuf (D:2)
  3 hounds
  4 iguanas
  3 sleepcaps
  Terence (D:3)
  2 orc wizards (D:5)
  Natasha (twice) (D:2)
  6 adders
  14 gnolls
  3 worms
  2 dart slugs (D:1)
  19 orcs
  5 ball pythons
  9 endoplasms
  5 giant cockroaches
  10 goblins
  8 hobgoblins
  4 jackals
  2 quokkas
  3 bats
  5 frilled lizards
  8 kobolds
  6 rats
136 creatures vanquished.

Vanquished Creatures (others)
  2 fungi (D:2)
2 creatures vanquished.

Grand Total: 138 creatures vanquished

Notes
Turn   | Place    | Note
-------+----------+-------------------------------------------
     0 | D:1      | vineage the Gargoyle Fighter began the quest for the Orb.
     0 | D:1      | Reached XP level 1. HP: 14/14 MP: 1/1
    77 | D:1      | Reached XP level 2. HP: 14/19 MP: 2/2
   203 | D:1      | Reached XP level 3. HP: 22/24 MP: 3/3
   702 | D:1      | Reached skill level 4 in Fighting
   845 | D:2      | Noticed Sigmund
   860 | D:2      | Killed Sigmund
   861 | D:2      | Reached XP level 4. HP: 7/30 MP: 4/4
   861 | D:2      | Reached XP level 5. HP: 8/34 MP: 5/5
   983 | D:2      | Found a faded altar of an unknown god.
   988 | D:2      | Noticed Natasha
  1005 | D:2      | Killed Natasha
  1006 | D:2      | Reached XP level 6. HP: 39/40 MP: 6/6
  1083 | D:2      | Identified the +5 sling "X" {flame, Str+3}
  1254 | D:2      | Reached skill level 5 in Fighting
  1268 | D:2      | Noticed Natasha
  1295 | D:2      | Killed Natasha
  1413 | D:2      | Found a runed translucent door.
  1414 | D:2      | Noticed Crazy Yiuf
  1694 | D:2      | Killed Crazy Yiuf
  1799 | D:3      | Noticed Terence
  1819 | D:3      | Killed Terence
  1961 | D:3      | Noticed Grinder
  1973 | D:3      | Paralysed by Grinder for 4 turns
  1978 | D:3      | Killed Grinder
  1979 | D:3      | Reached XP level 7. HP: 30/45 MP: 7/7
  2470 | D:4      | Reached skill level 6 in Fighting
  2485 | D:4      | Found a snail-covered altar of Cheibriados.
  2485 | D:4      | Found a burning altar of Makhleb.
  2489 | D:4      | Found a bloodstained altar of Trog.
  2489 | D:4      | Found an ancient bone altar of Kikubaaqudgha.
  2648 | D:4      | Reached skill level 5 in Maces & Flails
  2657 | D:4      | Reached skill level 5 in Shields
  2831 | D:4      | Reached skill level 5 in Armour
  2854 | D:4      | Reached XP level 8. HP: 28/52 MP: 8/8
  3596 | D:5      | Entered Level 5 of the Dungeon
  3708 | D:5      | Noticed Pikel
  3729 | D:5      | Killed Pikel
  3730 | D:5      | Reached skill level 7 in Fighting
  3752 | D:5      | Reached XP level 9. HP: 53/58 MP: 9/9
  3938 | D:5      | Found a staircase to the Ecumenical Temple.
  4055 | Temple   | Entered the Ecumenical Temple
  4213 | Temple   | Became a worshipper of Warmaster Okawaru
  4238 | D:5      | Reached skill level 8 in Fighting
  4460 | D:5      | Found a blossoming altar of Fedhas.
  4524 | D:5      | Got the Folio of Coarse Malisons
  4761 | D:6      | Slain by a gnoll

Illustrated notes

Levels and vault maps discovered:
D:1:      dpeg_arrival_solitude, layout_basic, serial_aquarium,
          aquarium_bridge_straight [aquarium_subvault_bridge,
          aquarium_subvault_balcony, aquarium_subvault_bridge,
          aquarium_subvault_balcony], aquarium_bridge_square
          [aquarium_subvault_bridge, aquarium_subvault_window,
          aquarium_subvault_bridge, aquarium_subvault_bridge],
          aquarium_window_corner, aquarium_window_corridor_3, aquarium_view_2b
D:2:      layout_loops_cross, nicolae_ecumenical_pavilion,
          uniq_crazy_yiuf_cottage, uniq_natasha, uniq_sigmund
D:3:      layout_rooms, columned_hall_lemuel, dreamdust_mushroom_princess,
          hangedman_decor_slide_cut, uniq_terence, uniq_grinder
D:4:      cheibrodos_helix_gallery, layout_basic, grunt_temple_overflow_open,
          minmay_circle_x
D:5:      layout_cave_pods, mainiacjoe_overflow_alcove_1,
          minmay_temple_entry_statues, uniq_pikel
D:6:      wander_river, layout_cave_pools, gammafunk_ghost_grave,
          chequers_serial_rivers_micro_a, hellmonk_guarded_unrand_lears
Temple:   nicolae_temple_two_arcs

Skill      XL: |  1  2  3  4  5  6  7  8  9 |
---------------+----------------------------+-----
Fighting       | 4 5 6 7 8 |  8.1
Maces & Flails | 3 4 5 6 7 |  7.1
Armour         | 4 5 6 |  6.2
Shields        | 4 5 6 |  6.2

Action                     |  1- 3 |  4- 6 |  7- 9 || total
---------------------------+-------+-------+-------++-------
  Melee: Flail             |    95 |   126 |   306 ||   527
    Use: Potion            |       |     4 |     1 ||     5
         Scroll            |       |       |    14 ||    14
 Armour: Scale mail        |    49 |    65 |   182 ||   296
  Dodge: Dodged            |    42 |    66 |   150 ||   258
  Block: Buckler           |    16 |    39 |   100 ||   155

Table legend: (Time is in decaauts)
 A = Elapsed time spent in this place.
 B = Non-inter-level travel time spent in this place.
 C = Inter-level travel time spent in this place.
 D = Time resting spent in this place.
 E = Time spent auto-exploring this place.
 F = Levels seen in this place.
 G = Mean time per level.
                   A        B        C        D        E       F      G
               +--------+--------+--------+--------+--------+-----+--------+
         Total |   4877 |   4718 |    159 |    148 |   3501 |   7 |  696.7 |
       Dungeon |   4708 |   4574 |    134 |    148 |   3365 |   6 |  784.7 |
        Temple |    168 |    143 |     25 |      0 |    136 |   1 |  168.0 |
               +--------+--------+--------+--------+--------+-----+--------+

Top non-repeatable levels by time:
     D:4: 1229 daAuts
     D:5: 948 daAuts
     D:2: 916 daAuts
     D:1: 862 daAuts
     D:3: 692 daAuts
  Temple: 168 daAuts
     D:6: 58 daAuts
